 Dungeon Crawl Stone Soup version 0.24-a0-459-g225fefd (webtiles) character file.

Game seed: 2584674733069060398

3311 robertstho the Grappler (level 9, -2/83 (84) HPs)
             Began as a Troll Berserker on June 28, 2019.
             Was an Elder of Trog.
             Slain by an elephant (8 damage)
             ... on level 9 of the Dungeon.
             The game lasted 00:09:13 (5596 turns).

robertstho the Grappler (Troll Berserker)           Turns: 5596, Time: 00:09:14

HP:   -2/83 (84)    AC:  6    Str: 29    XL:     9   Next: 70%
MP:   8/8           EV: 12    Int:  3    God:    Trog [****..]
Gold: 322           SH:  0    Dex: 10    Spells: 8/8 levels left

rFire    + . .     SeeInvis +     - Unarmed
rCold    + . .     Gourm    +   (no shield)
rNeg     . . .     Faith    .   a - +0 animal skin
rPois    +         Spirit   .   (helmet restricted)
rElec    .         Reflect  .   F - scarf {rC+ rF+}
rCorr    .         Harm     .   (gloves unavailable)
MR       .....                  (boots unavailable)
Stlth    ++........             (no amulet)
HPRegen  0.63/turn              o - ring of see invisible
MPRegen  0.11/turn              D - ring of poison resistance

@: no status effects
A: large, unfitting armour, claws 3, fast metabolism 3, gourmand, regeneration
1, shaggy fur 1, tough skin 3
a: Berserk, Trog's Hand, Brothers in Arms, Renounce Religion


You were on level 9 of the Dungeon.
You worshipped Trog.
Trog was greatly pleased with you.
You were completely stuffed.

You visited 1 branch of the dungeon, and saw 9 of its levels.

You collected 322 gold pieces.

Inventory:

Hand Weapons
 f - a +2 quarterstaff of chaos
Missiles
 g - 4 curare-tipped darts (quivered)
 A - 2 large rocks
Armour
 a - a +0 animal skin (worn)
 r - a +0 cloak
 F - a scarf of resistance (worn)
Jewellery
 e - a +2 ring of dexterity
 l - an uncursed ring of stealth
 o - a ring of see invisible (left claw)
 z - an uncursed ring of protection from cold
 D - a ring of poison resistance (right claw)
 H - an uncursed ring of ice
 J - an uncursed ring of resist corrosion
Wands
 t - a wand of flame (34)
 K - a wand of paralysis (10)
 N - a wand of acid (6)
Scrolls
 c - 3 scrolls of remove curse {unknown}
 d - 6 scrolls of teleportation
 i - 3 scrolls of enchant armour {unknown}
 k - 5 scrolls of identify {unknown}
 n - 2 scrolls of random uselessness {unknown}
 p - 2 scrolls of immolation {unknown}
 x - a scroll of amnesia {unknown}
 y - 2 scrolls of fear {unknown}
 B - 2 scrolls of enchant weapon {unknown}
 E - a scroll of magic mapping {unknown}
 G - a scroll of torment {unknown}
 L - a scroll of summoning {unknown}
Potions
 h - a potion of flight {unknown}
 j - 2 potions of haste {unknown}
 m - a potion of cancellation {unknown}
 q - 2 potions of resistance {unknown}
 s - 2 potions of curing {unknown}
 u - a potion of agility {unknown}
 v - a potion of ambrosia {unknown}
 C - 4 potions of lignification {unknown}
 I - 2 potions of heal wounds {unknown}
 M - a potion of brilliance {unknown}
Comestibles
 b - 16 rations


   Skills:
 + Level 4.0 Fighting
 + Level 5.4 Dodging
 + Level 3.5 Stealth
 + Level 10.7 Unarmed Combat


You had 8 spell levels left.
You didn't know any spells.
Your spell library was empty.

Dungeon Overview and Level Annotations

Branches:
Dungeon (9/15)             Temple (0/1) D:6            Lair (0/6) D:9
    Orc: D:9-12

Altars:
Ashenzari
Cheibriados
Dithmenos
Elyvilon
Gozag
Okawaru
Trog
Uskayaw
Wu Jian
Zin

Annotations:
D:9 3 runed translucent doors


Innate Abilities, Weirdness & Mutations

You are too large for most types of armour.
You have claws for hands.
Your metabolism is lightning-fast.
You like to eat raw meat.
Your natural rate of healing is unusually fast.
You are covered in fur. (AC +1)
You have extremely tough skin. (AC +3)


Message History

The elephant trunk-slaps you but does no damage.
The basilisk bites you!
The crocodile bites you but does no damage.
The elephant tramples you!
You are shoved backwards!
The elephant tramples you!
You hold your ground!
The elephant trunk-slaps you but does no damage.
The basilisk completely misses you. The crocodile completely misses you.
The elephant completely misses you.
The elephant trunk-slaps you but does no damage.
The basilisk bites you! The crocodile bites you! The elephant tramples you!
* * * LOW HITPOINT WARNING * * *
You hold your ground!
The elephant trunk-slaps you.
* * * LOW HITPOINT WARNING * * *
The basilisk bites you but does no damage.
You turn to flesh and can move again.
The crocodile bites you!
* * * LOW HITPOINT WARNING * * *
The elephant tramples you!
You die...

##......## ##..
#.###........###...
..#...............
...._.............
##...............#
#....###)......## ##...#
##..##..## ####>..#
#..####... ##.@....###.##
#.... ##lYt###.....#
##....
##.aY.)##...[.###.....
#.......###...##......
..#.....P.#.##...#......
#....).....###.........
.........................
.#.....>......####.......
##..........## .######


You could see an elephant, a yak, a basilisk, a crocodile and a worker ant.

Vanquished Creatures
  Psyche (D:9)
  A wyvern (D:8)
  A black bear (D:8)
  An orc warrior (D:7)
  3 sky beasts
  A necrophage (D:5)
  An eye of draining (D:5)
  An ice beast (D:5)
  An ogre (D:7)
  5 centaurs
  2 bullfrogs
  2 scorpions
  5 howler monkeys
  3 crimson imps
  A bullfrog zombie (D:7)
  A centaur skeleton (D:5)
  4 orc priests
  2 hounds
  A jelly (D:9)
  Crazy Yiuf (D:3)
  Jessica (D:3)
  2 iguanas
  Natasha (thrice) (D:2)
  3 orc wizards
  2 worker ants
  2 hound zombies
  Robin (D:2)
  A worker ant zombie (D:6)
  A howler monkey skeleton (D:8)
  12 gnolls
  11 adders
  3 shadow imps
  2 oozes
  An adder skeleton (D:4)
  3 worms
  2 dart slugs (D:1)
  21 orcs
  4 giant cockroaches
  16 goblins
  9 hobgoblins
  11 jackals
  4 quokkas
  11 bats
  4 frilled lizards
  7 kobolds
  A leopard gecko zombie (D:5)
  7 rats
183 creatures vanquished.

Vanquished Creatures (collateral kills)
  An orc warrior (D:7)
  A centaur (D:7)
  A hound (D:7)
  An orc priest (D:7)
  An orc wizard (D:7)
  A leopard gecko (D:7)
  An orc (D:7)
7 creatures vanquished.

Grand Total: 190 creatures vanquished

Notes
Turn   | Place    | Note
-------+----------+-------------------------------------------
     0 | D:1      | robertstho the Troll Berserker began the quest for the Orb.
     0 | D:1      | Reached XP level 1. HP: 22/22 MP: 0/0
   183 | D:1      | Reached XP level 2. HP: 29/29 MP: 1/1
   649 | D:1      | Reached ** piety under Trog
   649 | D:1      | Reached XP level 3. HP: 36/36 MP: 2/2
   846 | D:2      | Noticed Natasha
   858 | D:2      | Killed Natasha
   990 | D:2      | Reached skill level 4 in Unarmed Combat
  1003 | D:2      | Reached XP level 4. HP: 41/44 MP: 3/3
  1017 | D:2      | Noticed Robin
  1024 | D:2      | Killed Robin
  1197 | D:2      | Noticed Natasha
  1203 | D:2      | Killed Natasha
  1203 | D:2      | Reached XP level 5. HP: 53/53 MP: 4/4
  1414 | D:2      | Noticed Natasha
  1422 | D:2      | Killed Natasha
  1505 | D:3      | Noticed Jessica
  1512 | D:3      | Killed Jessica
  1512 | D:3      | Reached skill level 1 in Stealth
  1512 | D:3      | Reached skill level 5 in Unarmed Combat
  1519 | D:3      | Reached *** piety under Trog
  1595 | D:3      | Found a faded altar of an unknown god.
  1628 | D:3      | Found a runed translucent door.
  1629 | D:3      | Noticed Crazy Yiuf
  1827 | D:3      | Found a white marble altar of Elyvilon.
  2072 | D:3      | Found an iron altar of Okawaru.
  2151 | D:3      | Reached XP level 6. HP: 61/61 MP: 5/5
  2177 | D:3      | Found a glowing silver altar of Zin.
  2471 | D:3      | Killed Crazy Yiuf
  2558 | D:4      | Found a hide-covered altar of Uskayaw.
  2558 | D:4      | Noticed a +0 hand axe
  2558 | D:4      | Noticed a +0 dagger
  2591 | D:4      | Found an opulent altar of Gozag.
  3035 | D:5      | Entered Level 5 of the Dungeon
  3085 | D:5      | Noticed an ice beast
  3087 | D:5      | Killed an ice beast
  3087 | D:5      | Reached skill level 6 in Unarmed Combat
  3110 | D:5      | Reached XP level 7. HP: 67/67 MP: 6/6
  3332 | D:5      | Reached skill level 7 in Unarmed Combat
  3722 | D:6      | Reached XP level 8. HP: 58/74 MP: 7/7
  3724 | D:6      | Reached **** piety under Trog
  3775 | D:6      | Found a snail-covered altar of Cheibriados.
  3903 | D:6      | Reached skill level 8 in Unarmed Combat
  3911 | D:6      | Found a staircase to the Ecumenical Temple.
  4461 | D:7      | Reached skill level 9 in Unarmed Combat
  4469 | D:7      | Reached skill level 5 in Dodging
  4470 | D:7      | Reached XP level 9. HP: 82/82 MP: 8/8
  4871 | D:8      | Found a shadowy altar of Dithmenos.
  4917 | D:8      | Reached skill level 10 in Unarmed Combat
  5080 | D:8      | Found an ornate altar of the Wu Jian Council.
  5196 | D:8      | Found a shattered altar of Ashenzari.
  5354 | D:9      | Found a runed translucent gate.
  5354 | D:9      | Found a runed translucent gate.
  5356 | D:9      | Found a runed translucent gate.
  5449 | D:9      | Noticed Psyche
  5450 | D:9      | Found a bloodstained altar of Trog.
  5454 | D:9      | Killed Psyche
  5580 | D:9      | Found a staircase to the Lair.
  5581 | D:9      | Noticed an elephant
  5596 | D:9      | Slain by an elephant

Levels and vault maps discovered:
D:1:      minmay_arrival_four_circles, layout_loops_corners
D:2:      layout_loops_ring, minmay_pentomino_w2, uniq_robin, uniq_natasha
D:3:      layout_loops_ring, lemuel_doored_altar, zin_statuary,
          chequers_ecumenical_altar_simple_redux, okawaru_altar_gauntlet_db,
          uniq_jessica, uniq_crazy_yiuf_cottage
D:4:      layout_cave_pools, nicolae_gozag_cash_rules_everything_around_me,
          dancing_weapons_uskayaw, dk_noncrumbling_3, uniq_eustachio
D:5:      layout_basic, first_ration
D:6:      layout_loops_ring, overflow_temple_1_default,
          minmay_temple_entry_stoned_glass
D:7:      layout_basic
D:8:      layout_rooms, overflow_temple_1_default, kennysheep_mini,
          nicolae_dithmenos_the_darkroom, serial_glass, glass_columns_c,
          glass_columns_c, glass_columns_c, glass_columns_a
D:9:      layout_layer_cave, overflow_temple_1_default, david_lair_generic,
          gammafunk_ghost_icy, blue_anna_alchemist [blue_anna_fruit_fields,
          blue_anna_fruit_fields], uniq_gastronok, uniq_psyche, uniq_pikel

Skill      XL: |  1  2  3  4  5  6  7  8  9 |
---------------+----------------------------+-----
Unarmed Combat | 4 5 6 7 9 10 | 10.7
Fighting       | 3 4 |  4.0
Dodging        | 3 4 5 |  5.4
Stealth        | 1 2 3 |  3.5

Action                   |  1- 3 |  4- 6 |  7- 9 || total
-------------------------+-------+-------+-------++-------
Melee: Unarmed           |    81 |   174 |   222 ||   477
       Punch             |       |     4 |    10 ||    14
Invok: Berserk           |     1 |     2 |     4 ||     7
       Trog's Hand       |       |     1 |     1 ||     2
       Brothers in Arms  |       |       |     2 ||     2
  Use: Scroll            |       |     1 |     1 ||     2
       Potion            |       |     1 |       ||     1
 Stab: Sleeping          |     2 |     6 |     6 ||    14
  Eat: Chunk             |     9 |    24 |    32 ||    65
Armor: Animal skin       |    20 |    81 |    66 ||   167
Dodge: Dodged            |    30 |   108 |   128 ||   266

Table legend:
 A = Non-vault XP
 B = Vault XP
 C = Vault XP percentage of total XP
 D = Non-vault monster count
 E = Vault monster count
 F = Vault count percentage of total count
                 A         B        C        D         E       F
            +---------+---------+-------+---------+---------+-------
      Total |    4135 |     596 |  12.6 |     168 |      22 |  11.6
            +---------+---------+-------+---------+---------+-------
        D:1 |      43 |       0 |   0.0 |      26 |       0 |   0.0
        D:2 |     124 |      84 |  40.4 |      20 |      13 |  39.4
        D:3 |      77 |     102 |  57.0 |      15 |       8 |  34.8
        D:4 |     135 |       0 |   0.0 |      11 |       0 |   0.0
        D:5 |     768 |       0 |   0.0 |      21 |       0 |   0.0
        D:6 |     802 |       0 |   0.0 |      25 |       0 |   0.0
        D:7 |    1070 |       0 |   0.0 |      27 |       0 |   0.0
        D:8 |     830 |       0 |   0.0 |      15 |       0 |   0.0
        D:9 |     286 |     410 |  58.9 |       8 |       1 |  11.1
            +---------+---------+-------+---------+---------+-------
